Map: Triton LE

Players

JinairRogue (Rogue) - Winner!

  • Race: Zerg Zerg
  • Spawn Location: 5:00

Ragnarok (SHIN)

  • Race: Zerg Zerg
  • League: Grandmaster
  • Spawn Location: 11:00

VOD

Have the link to the VOD?

Description

Time

  • Played on: Jan. 16, 2020, 5:11 a.m.
  • Length: 6:29
Show
View Real Time Build Order
Export as new Build Order

JinairRogue Zerg - Winner!

Build Orders: Hatch First 

Get SALT Encoding   

  12  0:00  Drone  
  13  0:12  Overlord  
  13  0:16  Drone  
  14  0:30  Drone x2  
  16  0:47  Hatchery  
  15  0:50  Drone  
  15  0:54  Drone  
  17  0:57  Drone  
  18  1:07  Extractor  
  17  1:12  Spawning Pool  
  17  1:15  Drone  
  17  1:18  Drone  
  18  1:28  Drone  
  19  1:38  Drone  
  20  1:49  Drone  
  21  1:59  Queen, Overlord, Drone  
  21  2:00  Queen  
  26  2:07  Metabolic Boost  
  26  2:11  Drone x2  
  28  2:21  Drone x2  
  30  2:31  Hatchery  
  30  2:34  Drone  
  30  2:35  Drone  
  31  2:43  Drone x2  
  33  2:53  Baneling Nest  
  33  2:55  Overlord  
  33  2:58  Drone  
  33  3:00  Queen  
  33  3:04  Zergling x2  
  36  3:13  Drone x6  
  36  3:15  Zergling x2  
  43  3:21  Overlord  
  43  3:24  Drone  
  44  3:29  Evolution Chamber  
  44  3:33  Drone  
  44  3:40  Lair  
  44  3:41  Zergling x4  
  46  3:43  Drone x3  
  46  3:45  Drone  
  46  3:48  Drone  
  51  3:54  Roach Warren  
  49  3:57  Baneling  
  49  3:59  Drone x2  
  49  4:00  Drone  
  49  4:01  Extractor x2  
  50  4:07  Zergling x4  
  50  4:08  Overlord  
  52  4:10  Drone x3  
  52  4:14  Zerg Missile Weapons Level 1  
  52  4:15  Drone x2  
  52  4:17  Overlord  
  57  4:24  Overlord  
  57  4:28  Drone x6  
  63  4:33  Drone x2  
  65  4:40  Glial Reconstitution  
  65  4:44  Extractor x2, Drone x3  
  66  4:46  Zergling x4  
  66  4:49  Roach x2  
  76  4:52  Roach  
  76  4:53  Roach  
  76  5:01  Overlord  
  76  5:06  Roach x3  
  82  5:08  Overlord  
  81  5:15  Spine Crawler x2, Roach  
  81  5:17  Spine Crawler  
  81  5:18  Roach  
  81  5:19  Roach  
  84  5:21  Roach  
  84  5:22  Baneling x2  
  84  5:23  Baneling x3  
  84  5:26  Roach  
  84  5:28  Roach  
  90  5:30  Roach  
  90  5:32  Roach  
  90  5:35  Roach, Overlord  
  93  5:40  Roach  
  93  5:42  Roach  
  93  5:49  Roach x2  
  84  5:51  Roach  
  84  5:52  Zergling x2  
  84  5:54  Roach  
  84  5:56  Zergling x12  
  87  5:57  Roach  
  79  6:05  Roach  
  79  6:06  Roach  
  79  6:10  Roach  
Show
View Real Time Build Order
Export as new Build Order

Ragnarok Zerg 

Build Orders: Hatch First 

Get SALT Encoding   

  12  0:01  Drone  
  13  0:08  Drone  
  14  0:17  Overlord  
  14  0:35  Drone x2  
  16  0:47  Hatchery  
  15  0:51  Drone  
  15  0:55  Drone  
  17  0:59  Drone  
  18  1:10  Extractor  
  17  1:13  Spawning Pool  
  17  1:16  Drone  
  17  1:20  Drone  
  18  1:30  Drone  
  19  1:41  Drone  
  20  1:51  Drone  
  21  1:59  Queen x2  
  21  2:00  Drone  
  26  2:02  Overlord  
  26  2:09  Metabolic Boost  
  26  2:12  Drone  
  26  2:13  Drone  
  28  2:29  Hatchery  
  27  2:31  Drone  
  27  2:32  Drone  
  27  2:35  Drone  
  30  2:42  Queen  
  32  2:48  Baneling Nest  
  31  2:51  Drone  
  31  2:55  Overlord  
  32  2:59  Drone x2  
  32  3:05  Zergling x4  
  36  3:10  Evolution Chamber  
  36  3:12  Drone  
  36  3:15  Drone x2  
  36  3:18  Drone  
  39  3:20  Drone  
  39  3:25  Drone  
  39  3:26  Drone  
  42  3:32  Zergling x2  
  42  3:33  Zergling x2  
  44  3:35  Baneling  
  44  3:36  Zerg Missile Weapons Level 1  
  44  3:41  Drone, Overlord  
  45  3:43  Drone x2  
  46  3:49  Drone  
  46  3:54  Drone x2  
  49  3:58  Extractor  
  49  3:59  Extractor, Roach Warren  
  49  4:00  Drone x3  
  49  4:06  Overlord  
  49  4:07  Overlord  
  49  4:12  Zergling x4  
  51  4:30  Zergling x2  
  51  4:31  Zergling x2  
  53  4:39  Roach x9  
  53  4:41  Overlord  
  53  4:43  Roach  
  73  4:48  Overlord  
  73  5:00  Zergling x12  
  73  5:01  Zergling x6  
  82  5:11  Zergling x2  
  82  5:13  Zergling x8  
  87  5:18  Baneling  
  87  5:20  Baneling  
  87  5:21  Baneling  
  87  5:22  Baneling x9  
  87  5:26  Zergling x6  
  90  5:33  Baneling x6  
  89  5:37  Ravager  
  89  5:39  Zergling x10  
  89  5:40  Zergling x2  
  90  5:45  Zergling x2  
  90  5:46  Zergling x2  
  90  5:49  Zergling x8  
  85  5:50  Zergling x2  
  85  5:53  Zergling x2  
  85  5:55  Zergling x2  
  85  5:56  Zergling x2  
  84  5:57  Zergling x2  
  84  5:59  Zergling x2  
  84  6:01  Zergling x2  
  84  6:03  Zergling x2, Ravager  
  82  6:04  Ravager  
  82  6:06  Zergling x2  
  82  6:07  Ravager  
  82  6:08  Zergling x2, Ravager  
  82  6:11  Zergling x2  
  79  6:12  Zergling x2  
  79  6:13  Ravager  
Tags
 
Add a new tag
Caveats
  • Supply blocks, unpowered buildings, or Contaminate may cause inaccurate times.
  • Supply counts are checked every 10 seconds.